 Dungeon Crawl Stone Soup version 0.24.0-125-gc4c63601f3 (webtiles) character file.

Game seed: 17580222340425899761, levelgen mode: deterministic

3372 Frank2 the Basher (level 9, -2/68 HPs)
             Began as a Demonspawn Gladiator on Feb 29, 2020.
             Was an Initiate of Ru.
             Slain by a killer bee (8 damage)
             ... on level 8 of the Dungeon.
             The game lasted 00:14:00 (8562 turns).

Frank2 the Basher (Demonspawn Gladiator)            Turns: 8562, Time: 00:14:01

Health: -2/68      AC: 12    Str: 14    XL:     9   Next: 73%
Magic:  12/12      EV: 16    Int: 10    God:    Ru [......]
Gold:   395        SH:  0    Dex: 18    Spells: 8/8 levels left

rFire    + . .     SeeInvis .   y - +7 morningstar
rCold    . . .     Gourm    .   (no shield)
rNeg     . . .     Faith    .   e - +3 leather armour {rF+}
rPois    .         Spirit   .   c - +1 helmet
rElec    .         Reflect  .   q - +1 cloak
rCorr    .         Harm     +   (no gloves)
MR       .....                  (no boots)
Stlth    +.........             n - amulet of harm
HPRegen  0.21/turn              (no ring)
MPRegen  0.13/turn              (no ring)

@: no status effects
A: claws 1, icy blue scales 1
a: Renounce Religion


You were on level 8 of the Dungeon.
You worshipped Ru.
Ru was noncommittal.
You were hungry.

You visited 2 branches of the dungeon, and saw 9 of its levels.

You collected 395 gold pieces.

Inventory:

Hand Weapons
 y - a +7 morningstar (weapon)
Missiles
 d - a throwing net (quivered)
Armour
 c - a +1 helmet (worn)
 e - a +3 leather armour of fire resistance (worn)
 q - a +1 cloak (worn)
Jewellery
 k - a +2 amulet of reflection {unknown}
 n - an amulet of harm (around neck)
Wands
 b - a wand of enslavement (3)
 u - a wand of polymorph (3)
 A - a wand of digging (5)
Scrolls
 g - 6 scrolls of enchant armour
 l - 8 scrolls of remove curse
 m - a scroll of magic mapping {unknown}
 w - 6 scrolls of identify
 z - a scroll of vulnerability {unknown}
 B - a scroll of summoning {unknown}
 C - a scroll of teleportation
Potions
 h - 4 potions of lignification {unknown}
 i - 2 potions of mutation {unknown}
 j - 3 potions of curing
 o - a potion of might {unknown}
 p - a potion of degeneration {unknown}
 r - a potion of heal wounds {unknown}
 s - a potion of cancellation {unknown}
 t - a potion of magic {unknown}
 v - 2 potions of flight {unknown}
 x - 2 potions of agility {unknown}
Comestibles
 a - a chunk of flesh
 f - 15 rations


   Skills:
 + Level 5.5 Fighting
 + Level 8.6 Maces & Flails
 - Level 1.7 Throwing
 + Level 3.9 Armour
 + Level 6.1 Dodging
 * Level 5.3 Evocations


You had 8 spell levels left.
You didn't know any spells.
Your spell library contained the following spells:

 Spells                   Type           Power        Failure   Level  Hunger
 Animate Skeleton         Necr           N/A          43%         1    ##.....
 Apportation              Tloc           #.....       43%         1    ##.....
 Confusing Touch          Hex            #.....       43%         1    ##.....
 Summon Small Mammal      Summ           #...         43%         1    ##.....


Dungeon Overview and Level Annotations

Branches:
Dungeon (8/15)             Temple (1/1) D:7
   Lair: D:8-11

Altars:
Ashenzari
Cheibriados
Dithmenos
Elyvilon
Fedhas
Gozag
Hepliaklqana
Kikubaaqudgha
Makhleb
Nemelex Xobeh
Okawaru
Qazlal
Ru
Sif Muna
Uskayaw
Vehumet
Wu Jian
Xom
Yredelemnul
Zin
The Shining One

Shops:
D:6 %


Innate Abilities, Weirdness & Mutations

You have sharp fingernails.
You are partially covered in icy blue scales. (AC +2)


Message History

* * * LOW HITPOINT WARNING * * *
The killer bee misses you.
The killer bee stings you but does no damage.
You miss the killer bee.
The killer bee is severely wounded.
The killer bee stings you but does no damage.
The killer bee misses you.
You feel better.
The killer bee stings you but does no damage. x2
You miss the killer bee.
The killer bee is severely wounded.
The killer bee stings you but does no damage.
The killer bee stings you.
* * * LOW HITPOINT WARNING * * *
You hit the killer bee.
You kill the killer bee!
The killer bee stings you.
* * * LOW HITPOINT WARNING * * *
The killer bee stings you!
You die...

....... #.....?..
..... #........ ...
#........
###'########........
#.............######
#.............#
#..F..........#
###y########### #@#
#####.# ###.....#####
#...#.......#
#.#.###.##.## #######
#.#####.##.# #.....#
#.###...##.# #.###.#
#.#≈##.....# #.###.#
#.#≈##.#########.#<..#


You could see a bullfrog and a killer bee.

Vanquished Creatures
  Joseph (D:7)
  Grinder (D:5)
  A hippogriff (D:8)
  Sigmund (D:5)
  Eustachio (D:4)
  A wraith (D:7)
  A steam dragon (D:7)
  Duvessa (D:5)
  2 orc warriors
  5 centaurs
  A big kobold (D:7)
  3 bullfrogs
  Dowan (D:5)
  A water moccasin zombie (D:5)
  A wyvern skeleton (D:6)
  4 killer bees (D:8)
  A bullfrog zombie (D:6)
  A crimson imp (D:7)
  A jelly (D:7)
  3 hounds
  3 centaur skeletons
  An orc priest (D:4)
  2 orc wizards (D:4)
  3 bullfrog skeletons
  An iguana (D:8)
  2 worker ants (D:6)
  A worker ant zombie (D:4)
  8 adders
  A shadow imp (D:7)
  An adder skeleton (D:7)
  6 worms
  3 leopard geckos
  36 orcs
  16 bats
  6 giant cockroaches
  9 goblins
  8 hobgoblins
  A jackal (D:3)
  4 quokkas
  2 ball pythons
  6 frilled lizards
  14 kobolds
  5 rats
171 creatures vanquished.

Vanquished Creatures (others)
  An ice beast (D:6)
  An orc (D:6)
2 creatures vanquished.

Grand Total: 173 creatures vanquished

Notes
Turn   | Place    | Note
-------+----------+-------------------------------------------
     0 | D:1      | Frank2 the Demonspawn Gladiator began the quest for the
                  | Orb.
     0 | D:1      | Reached XP level 1. HP: 16/16 MP: 1/1
   108 | D:1      | Gained mutation: You have sharp fingernails. [demonic
                  | ancestry]
   108 | D:1      | Reached XP level 2. HP: 9/22 MP: 2/2
   113 | D:1      | Reached skill level 3 in Maces & Flails
   817 | D:1      | Reached XP level 3. HP: 27/27 MP: 3/3
  1925 | D:3      | Reached XP level 4. HP: 32/33 MP: 4/4
  2044 | D:3      | Reached skill level 1 in Armour
  2432 | D:3      | Found a snail-covered altar of Cheibriados.
  2433 | D:3      | Found a sparkling altar of Nemelex Xobeh.
  2780 | D:4      | Reached skill level 4 in Maces & Flails
  2780 | D:4      | Gained mutation: You are partially covered in icy blue
                  | scales. (AC +2) [demonic ancestry]
  2780 | D:4      | Reached XP level 5. HP: 38/39 MP: 5/5
  2857 | D:4      | Noticed Eustachio
  2906 | D:4      | Killed Eustachio
  2906 | D:4      | Reached XP level 6. HP: 25/46 MP: 6/6
  3361 | D:4      | Found a hazy altar of Hepliaklqana.
  3852 | D:4      | Reached skill level 5 in Maces & Flails
  4065 | D:5      | Entered Level 5 of the Dungeon
  4080 | D:5      | Reached XP level 7. HP: 42/52 MP: 7/7
  4094 | D:5      | Noticed Grinder
  4265 | D:5      | Paralysed by Grinder for 7 turns
  4270 | D:5      | Noticed Sigmund
  4514 | D:5      | Noticed Duvessa
  4517 | D:5      | Noticed Dowan
  4826 | D:5      | Killed Duvessa
  4829 | D:5      | Killed Dowan
  4829 | D:5      | Reached skill level 1 in Evocations
  4878 | D:5      | Killed Sigmund
  4878 | D:5      | Reached skill level 6 in Maces & Flails
  5057 | D:5      | Paralysed by Grinder for 4 turns
  5064 | D:5      | Killed Grinder
  5064 | D:5      | Reached XP level 8. HP: 21/60 MP: 9/9
  5225 | D:5      | Identified a scroll of acquirement
  5560 | D:6      | Reached skill level 5 in Dodging
  5946 | D:5      | HP: 1/60 [orc warrior/+0 battleaxe (19)]
  6385 | D:6      | Reached skill level 7 in Maces & Flails
  6411 | D:6      | Found Jetydec's Food Emporium.
  7063 | D:6      | Found a glowing golden altar of the Shining One.
  7366 | D:7      | Reached XP level 9. HP: 62/66 MP: 12/12
  7471 | D:7      | Noticed Joseph
  7489 | D:7      | Killed Joseph
  7489 | D:7      | Reached skill level 5 in Fighting
  7806 | D:7      | Reached skill level 8 in Maces & Flails
  7969 | D:7      | Found a staircase to the Ecumenical Temple.
  7991 | Temple   | Entered the Ecumenical Temple
  8127 | Temple   | Became a worshipper of Ru the Awakened
  8221 | D:8      | Reached skill level 5 in Evocations
  8562 | D:8      | Slain by a killer bee

Levels and vault maps discovered:
D:1:      nicolae_arrival_memento_mori, layout_basic,
          minmay_misc_feat_four_crosses
D:2:      kennysheep_big_flooded_room, layout_basic, dk_noncrumbling_2
D:3:      minmay_angry_zag, layout_basic,
          chequers_temple_overflow_statue_of_worship, st_stairs_5
D:4:      layout_basic, lemuel_round_altar, first_ration,
          minmay_misc_feat_hallway, minmay_misc_feat_nine_boxes, uniq_eustachio
D:5:      layout_rooms, hangedman_abyss_or_decor_stagger, roderic_batcave,
          uniq_duvessa, uniq_sigmund, uniq_grinder
D:6:      nicolae_whirlpool, layout_basic, tso_oasis_becter, serial_shops, shop
D:7:      layout_gridville, minmay_temple_entry_junction, uniq_joseph
D:8:      layout_basic, serial_rivers, chequers_serial_rivers_micro_a,
          chequers_serial_rivers_large_a, chequers_serial_rivers_micro_d,
          chequers_serial_rivers_room_b, chequers_serial_rivers_room_a
Temple:   eino_narrow_crystal_temple

Skill      XL: |  1  2  3  4  5  6  7  8  9 |
---------------+----------------------------+-----
Dodging        | 3 4 5 6 |  6.1
Maces & Flails | 3 4 5 6 7 8 |  8.6
Armour         | 1 2 3 |  3.9
Fighting       | 3 4 5 |  5.5
Evocations     | 2 4 5 |  5.3
Throwing       | |  1.7

Action                   |  1- 3 |  4- 6 |  7- 9 || total
-------------------------+-------+-------+-------++-------
Melee: Flail             |   113 |   201 |   206 ||   520
       Morningstar       |       |       |    94 ||    94
Throw: Throwing net      |       |     1 |     3 ||     4
Evoke: Wand              |       |       |    21 ||    21
  Use: Scroll            |     6 |     4 |     4 ||    14
       Potion            |       |     1 |     4 ||     5
 Stab: Invisible         |       |     4 |       ||     4
       Sleeping          |       |     1 |       ||     1
       Held in net/web   |       |       |     1 ||     1
  Eat: Chunk             |     3 |     7 |    11 ||    21
       Ration            |       |       |     1 ||     1
Armor: Leather armour    |    36 |    44 |   123 ||   203
       Ring mail         |       |    42 |       ||    42
Dodge: Dodged            |   106 |   213 |   329 ||   648
